 Dungeon Crawl Stone Soup version 0.23-a0-831-g5da158a (webtiles) character file.

1642 tilp the Spear-Bearer (level 8, -22/53 HPs)
             Began as a Merfolk Ice Elementalist on Jan 23, 2019.
             Annihilated by an orc warrior
             ... wielding a +0 long sword
              (25 damage)
             ... on level 6 of the Dungeon.
             The game lasted 00:24:24 (8072 turns).

tilp the Spear-Bearer (Merfolk Ice Elementalist)    Turns: 8072, Time: 00:24:24

Health: -22/53     AC: 13    Str:  8    XL:     8   Next: 99%
Magic:  4/11       EV: 14    Int: 17    God:
Gold:   350        SH:  0    Dex: 14    Spells: 5/11 levels left

rFire    . . .     SeeInvis .   a - +0 spear
rCold    . . .     Gourm    .   (no shield)
rNeg     + . .     Faith    .   m - +3 leather armour {rN+}
rPois    +         Spirit   .   (no helmet)
rElec    .         Reflect  .   (no cloak)
rCorr    .         Harm     .   h - +0 pair of gloves
MR       .....                  (no boots)
Stlth    ++........             (no amulet)
HPRegen  0.17/turn              t - +2 ring of evasion
MPRegen  0.12/turn              x - ring of poison resistance

@: icy armour
A: change form in water, swift swim, stealthy swim
a: no special abilities


You were on level 6 of the Dungeon.
You were not hungry.

You visited 2 branches of the dungeon, and saw 7 of its levels.

You collected 350 gold pieces.

Inventory:

Hand Weapons
 a - a +0 spear (weapon)
Missiles
 j - 10 tomahawks (quivered)
Armour
 h - a +0 pair of gloves (worn)
 m - a +3 leather armour of positive energy (worn)
Jewellery
 t - a +2 ring of evasion (left hand)
 x - a ring of poison resistance (right hand)
Scrolls
 b - 3 scrolls of remove curse
 d - a scroll of blinking
 g - a scroll of fog {unknown}
 i - a scroll of enchant armour
 s - a scroll of amnesia {unknown}
 v - a scroll of enchant weapon {unknown}
Potions
 k - 3 potions of curing
 l - 2 potions of ambrosia
 n - a potion of heal wounds
 o - 2 potions of berserk rage
 p - 5 potions of brilliance
 q - a potion of lignification {unknown}
 A - a potion of invisibility {unknown}
Comestibles
 c - 12 rations
 f - 8 chunks of flesh


   Skills:
 + Level 0.4 Fighting
 - Level 12.0 Polearms
 + Level 2.8 Dodging
 - Level 2.1 Stealth
 + Level 2.1 Spellcasting
 - Level 0.7 Conjurations
 - Level 8.0 Ice Magic


You had 5 spell levels left.
You knew the following spells:

 Your Spells              Type           Power        Failure   Level  Hunger
a - Freeze                Ice            ####         1%          1    #......
b - Throw Frost           Conj/Ice       ###...       7%          2    ###....
c - Ozocubu's Armour      Chrm/Ice       ###.....     16%         3    ###....

Your spell library contained the following spells:

 Spells                   Type           Power        Failure   Level  Hunger
 Summon Small Mammal      Summ           #...         28%         1    #......
 Call Imp                 Summ           #.......     38%         2    ###....
 Throw Icicle             Conj/Ice       ###.....     43%         4    #####..
 Summon Ice Beast         Ice/Summ       ###.....     47%         4    #####..
 Call Canine Familiar     Summ           #.......     63%         3    ###....
 Summon Guardian Golem    Hex/Summ       #.......     63%         3    ###....
 Summon Lightning Spire   Summ/Air       #.......     95%         4    #####..


Dungeon Overview and Level Annotations

Branches:
Dungeon (6/15)             Temple (1/1) D:4

Altars:
Ashenzari
Cheibriados
Dithmenos
Elyvilon
Fedhas
Gozag
Hepliaklqana
Kikubaaqudgha
Okawaru
Qazlal
Ru
Sif Muna
Vehumet
Xom
Yredelemnul
The Shining One

Annotations:
D:2 Sigmund


Message History

Casting: Freeze (safe; 1% risk of failure)
Confirm with . or Enter, or press ? or * to list all spells.
Aiming: Freeze (safe; 1% risk of failure)
Press: ? - help, Shift-Dir - straight line, f/p - orc warrior
Aim: an orc warrior, wielding a +0 long sword and wearing a +0 chain mail (moderately wounded, berserk, fast, unusually strong)
You freeze the orc warrior.
The orc warrior is heavily wounded.
The orc warrior hits you with a +0 long sword!!
Ouch! That really hurt!
The orc warrior hits you with a +0 long sword!!
* * * LOW HITPOINT WARNING * * *
Casting: Freeze (safe; 1% risk of failure)
Confirm with . or Enter, or press ? or * to list all spells.
Aiming: Freeze (safe; 1% risk of failure)
Press: ? - help, Shift-Dir - straight line, f/p - orc warrior
Aim: an orc warrior, wielding a +0 long sword and wearing a +0 chain mail (heavily wounded, berserk, fast, unusually strong)
You freeze the orc warrior.
The orc warrior is heavily wounded.
The orc warrior hits you with a +0 long sword!!
You die...

#.#.# #.# (.. ..#
#.# #.# ### #.#
#.# #.# .(. ###.#
#(# #...# #.#
#.#.## #o# #....#
#@# #....## #.#
#.....#
#.######...P.###.#
#....(...........#
#####..[...#######
#.###### #)# #.#
...


You could see an orc warrior (berserk).

Vanquished Creatures
  Duvessa (D:5)
  2 ice beasts
  A sky beast (D:5)
  2 ogres
  A centaur (D:5)
  A bullfrog (D:4)
  Dowan (D:5)
  2 howler monkeys
  A crimson imp (D:5)
  A jelly (D:5)
  A quasit (D:6)
  2 bullfrog zombies (D:6)
  2 orc priests
  5 bullfrog skeletons
  2 hounds (D:5)
  4 orc wizards
  2 worker ants
  An iguana (D:4)
  A worker ant zombie (D:6)
  6 adders
  A shadow imp (D:5)
  2 oozes
  An adder zombie (D:5)
  2 worms
  4 dart slugs
  6 leopard geckos
  16 orcs
  6 giant cockroaches
  4 goblins
  8 hobgoblins
  2 jackals (D:4)
  3 quokkas
  5 bats
  6 frilled lizards
  A jackal skeleton (D:5)
  11 kobolds
  2 leopard gecko skeletons (D:6)
  A leopard gecko zombie (D:6)
  A quokka zombie (D:5)
  7 rats
128 creatures vanquished.

Notes
Turn   | Place    | Note
-------+----------+-------------------------------------------
     0 | D:1      | tilp the Merfolk Ice Elementalist began the quest for the
                  | Orb.
     0 | D:1      | Reached XP level 1. HP: 13/13 MP: 3/3
   732 | D:1      | Reached XP level 2. HP: 19/19 MP: 1/5
  1019 | D:1      | Learned a level 2 spell: Throw Frost
  1469 | D:1      | Reached XP level 3. HP: 18/24 MP: 3/6
  1474 | D:1      | Learned a level 3 spell: Ozocubu's Armour
  2012 | D:2      | Noticed Sigmund
  2125 | D:2      | Reached skill level 5 in Ice Magic
  2281 | D:2      | Found an ancient bone altar of Kikubaaqudgha.
  2347 | D:2      | Found a shattered altar of Ashenzari.
  2433 | D:2      | Reached XP level 4. HP: 30/30 MP: 1/7
  3147 | D:3      | Found a white marble altar of Elyvilon.
  3490 | D:4      | Reached XP level 5. HP: 18/35 MP: 3/8
  3747 | D:4      | Reached XP level 6. HP: 41/41 MP: 4/9
  3985 | D:4      | Found a staircase to the Ecumenical Temple.
  4006 | Temple   | Entered the Ecumenical Temple
  4260 | D:4      | Found a radiant altar of Vehumet.
  4529 | D:4      | Reached skill level 1 in Polearms
  4536 | D:4      | Reached skill level 2 in Polearms
  4819 | D:4      | Reached skill level 4 in Polearms
  4819 | D:4      | Reached XP level 7. HP: 46/46 MP: 2/10
  5000 | D:4      | Found a glowing golden altar of the Shining One.
  5001 | D:4      | Found a shadowy altar of Dithmenos.
  5087 | D:5      | Entered Level 5 of the Dungeon
  5273 | D:5      | Reached skill level 5 in Polearms
  5400 | D:5      | Reached skill level 6 in Polearms
  5432 | D:5      | Reached skill level 7 in Polearms
  5783 | D:5      | Reached skill level 8 in Polearms
  5783 | D:5      | Reached XP level 8. HP: 20/52 MP: 9/11
  6113 | D:5      | Found a sacrificial altar of Ru.
  6611 | D:5      | Reached skill level 9 in Polearms
  6938 | D:6      | Noticed Duvessa
  6944 | D:6      | Noticed Dowan
  6989 | D:5      | Killed Duvessa
  6989 | D:5      | Reached skill level 10 in Polearms
  7263 | D:5      | Killed Dowan
  7498 | D:6      | Reached skill level 11 in Polearms
  7980 | D:6      | Reached skill level 12 in Polearms
  8072 | D:6      | Annihilated by an orc warrior

Vault maps used:
D:1:      scummos_arrival_forest
D:2:      old_standard_altar, nicolae_overflow_crystal_walls,
          grunt_ministairs_14, minmay_cupped, uniq_sigmund
D:3:      elyvilon_altar_1
D:4:      old_standard_altar, gammafunk_temple_overflow_statue,
          minmay_temple_entry_glass, first_ration
D:5:      nicolae_ru_sacrificial_ziggurat, st_stairs_6
D:6:      nemelex_xobeh_ov_fountains_minmay, lemuel_round_altar,
          marbit_many_paths, serial_undead, serial_undead_a, serial_undead_b,
          serial_undead_e, serial_undead_e, uniq_duvessa, uniq_menkaure
Temple:   nicolae_temple_figure_zero

Skill      XL: |  1  2  3  4  5  6  7  8 |
---------------+-------------------------+-----
Ice Magic      | 4 5 6 7 8 |  8.0
Polearms       | 4 8 12 | 12.0
Fighting       | |  0.4
Dodging        | |  2.8
Stealth        | |  2.1
Spellcasting   | |  2.1
Conjurations   | |  0.7

Action                   |  1- 3 |  4- 6 |  7- 9 || total
-------------------------+-------+-------+-------++-------
Melee: Dagger            |    18 |     9 |       ||    27
       Spear             |       |    84 |   382 ||   466
Throw: Tomahawk          |       |    24 |     8 ||    32
 Cast: Freeze            |    52 |    65 |    72 ||   189
       Ozocubu's Armour  |       |     5 |    19 ||    24
       Throw Frost       |       |     2 |       ||     2
Evoke: Wand              |       |       |     6 ||     6
  Use: Scroll            |       |     7 |     4 ||    11
       Potion            |       |       |     1 ||     1
 Stab: Sleeping          |     7 |     4 |     1 ||    12
  Eat: Chunk             |     5 |    10 |    11 ||    26
       Ration            |       |       |     1 ||     1
Armor: Robe              |     4 |       |       ||     4
       Leather armour    |     6 |    47 |   116 ||   169
Dodge: Dodged            |    38 |   102 |   195 ||   335

Table legend:
 A = Non-vault XP
 B = Vault XP
 C = Vault XP percentage of total XP
 D = Non-vault monster count
 E = Vault monster count
 F = Vault count percentage of total count
                 A         B        C        D         E       F
            +---------+---------+-------+---------+---------+-------
      Total |    1920 |     426 |  18.2 |     116 |      12 |   9.4
            +---------+---------+-------+---------+---------+-------
        D:1 |      43 |       0 |   0.0 |      24 |       0 |   0.0
        D:2 |      56 |       9 |  13.8 |      14 |       3 |  17.6
        D:3 |      42 |       0 |   0.0 |      20 |       0 |   0.0
        D:4 |     580 |       0 |   0.0 |      17 |       0 |   0.0
        D:5 |     745 |     228 |  23.4 |      25 |       2 |   7.4
        D:6 |     454 |     189 |  29.4 |      16 |       7 |  30.4
            +---------+---------+-------+---------+---------+-------
